woodfighter, chaotic female human Rogue -.---- -------------- |..... |............| ------ |....| # |............| ..... |....| ##-............| .... |.*...######|............| .... --.--- -.------------ .. # ###############Q#### . ### # #`####@####### # ### # # # # ## ### # --.---- # # |...... # # |.---.| # -----.-- |.| |..#######-|--.- |.....<| |.---.| #|....| |.....%| +......#######|....| |......| ------- #-....| -------- ------ woodfighter the Cutpurse Experience level: 5 Strength: 12 Dexterity: 19 Constitution: 15 Intelligence: 11 Wisdom: 9 Charisma: 12 Health: 0(41) Energy: 21(21) Def: 3 Gold: 0 Moves: 2506 Dungeon seed: p3hrQxdqg1NIqa5c Game ID: woodfighter_1556773741 Your Inventory: Weapons a - a blessed +0 short sword (weapon in hand) p - 10 +0 daggers (in quiver) v - a +0 elven dagger Armor e - an uncursed +1 leather armor (being worn) r - an uncursed +0 dwarvish cloak (being worn) Comestibles j - 4 uncursed food rations o - an uncursed egg D - an uncursed eucalyptus leaf O - 3 uncursed magic beans Q - an uncursed fortune cookie Wands h - a wand of opening (0:3) Tools b - an uncursed stethoscope s - an uncursed oilskin sack y - an uncursed lock pick W - an uncursed blindfold Gems n - an uncursed obsidian q - 2 uncursed worthless pieces of red glass z - an uncursed jade N - an uncursed worthless piece of violet glass Y - an uncursed luckstone Contents of the oilskin sack: 1126 gold pieces an uncursed [+0] orcish helm an uncursed scroll of destroy armor a cursed scroll of fire an uncursed scroll of identify an uncursed scroll of light an uncursed scroll of magic mapping 2 uncursed scrolls of scare monster 2 uncursed scrolls of scare monster 2 uncursed scrolls of teleportation a cursed potion of gain level an uncursed potion of healing an uncursed potion of object detection an uncursed potion of see invisible an uncursed potion of sickness a [uncursed] potion of water an uncursed [+2] ring of increase damage Spells and supernatural/magical abilities: Name Level Category Fail Memory W - pray for help -- divine ? -- Your skills at the end: Miscellaneous Skills wands [Basic] Weapon Skills dagger [Basic] short sword [Basic] Spellcasting Skills Final Attributes: You were piously aligned. You were somewhat stealthy. You were lucky. You had extra luck. Bad luck did not time out for you. Good luck did not time out for you. You are dead. Vanquished creatures: 2 rock piercers a violet fungus an elf zombie 2 kittens a dwarf a kobold lord an iguana a rabid rat a jitterbug a giant bat 2 dwarf zombies a killer bee 4 coyotes a gas spore a hobbit 4 geckos 3 giant rats 3 cave spiders a yellow mold a red mold a kobold 6 newts 4 goblins 3 grid bugs 3 lichens 50 creatures vanquished. Voluntary challenges: You did not adorn yourself with jewelry or accessories. You did not cause conflict. You were not invisible. You did not have reflection. You were not displaced. You used a wielded weapon 79 times, starting on turn 141. You did not apply a unicorn horn. You did not use plumbed fixtures. You did not drink any magical draughts. You were illiterate. You never genocided any monsters. You never polymorphed an object. You never changed form. You used no wishes. You never split a pudding. You never wrote Elbereth's name. You never violated your personal moral code. Dungeon overview: The Dungeons of Doom: levels 1 to 7 Level 1 an altar to Kos, a fountain a long staircase Level 2 some fountains Level 3 some fountains stairs to The Gnomish Mines Level 4 a potion shop, a fountain Level 5 Level 6 an altar to Issek, a fountain Level 7 <- You were here The Gnomish Mines: Level 4 stairs to The Dungeons of Doom History has recorded: On T:1 you entered the Dungeons of Doom to retrieve the Amulet of Yendor! On T:193 you reached level 2 of The Dungeons of Doom. On T:318 you reached level 3 of The Dungeons of Doom. On T:354 you advanced to experience level 2. On T:606 you advanced to experience level 3. On T:615 you reached level 4 of The Dungeons of Doom. On T:911 you reached level 1 of The Gnomish Mines. On T:1028 you advanced to experience level 4. On T:1090 you reached level 5 of The Dungeons of Doom. On T:1675 you reached level 6 of The Dungeons of Doom. On T:2057 you advanced to experience level 5. On T:2199 you reached level 7 of The Dungeons of Doom. Score breakdown: Gold: 1126 ( 112 points) Experience: 5 levels ( 400 points) Exploration: 7 levels ( 180 points) Discoveries: 21 items ( 1050 points) Variety of kills: 25 monsters ( 1250 points) Major goal: (nothing yet) ( 0 points) Survival: died (score multiplied by 3) Total score: 8976 Latest messages: You are beginning to feel hungry. You stop exploring. This lichen corpse tastes terrible! You finish eating the lichen corpse. The door opens. You stop exploring. (2x) You stab the jitterbug! The jitterbug displaces you! You stop exploring. The jitterbug bites! You kill the jitterbug! You stop exploring. You are hit by a runed dagger! v - a runed dagger. The Woodland-elf swings her runed broadsword at you. The Woodland-elf hacks you! You stab the Woodland-elf. The Woodland-elf swings her runed broadsword at you. The Woodland-elf hacks you! You stab the Woodland-elf. The Woodland-elf swings her runed broadsword at you. The Woodland-elf slashes you! You stab the Woodland-elf. The Woodland-elf swings her runed broadsword at you. The Woodland-elf hacks you! You die... Final status: Goodbye woodfighter the Rogue, killed by a Woodland-elf... You died in The Dungeons of Doom on dungeon level 7 with 8976 points, and 1126 pieces of gold, after 2506 moves. You were level 5 with a maximum of 41 hit points when you died.